 Dungeon Crawl Stone Soup version 0.28.0-43-g3370ac3207 (webtiles) character file.

Game seed: 13332391927495553490

13832 pkoi the Zephyrmancer (level 11, 0/85 HPs)
             Began as a Demigod Air Elementalist on Mar 28, 2022.
             Slain by a wolf (4 damage)
             ... on level 1 of the Lair of Beasts.
             The game lasted 00:25:37 (23121 turns).

pkoi the Zephyrmancer (Demigod Air Elementalist)   Turns: 23121, Time: 00:25:38

Health: 0/85       AC:  6    Str: 19    XL:     11   Next: 51%
Magic:  3/25       EV: 13    Int: 25    God:
Gold:   678        SH:  0    Dex: 14    Spells: 9/24 levels left

rFire   . . .      SeeInvis .     - Unarmed
rCold   . . .      Faith    .   (no shield)
rNeg    + + .      Spirit   .   B - +1 leather armour of the Mantidfly {rN+ Str+6}
rPois   .          Reflect  .   (no helmet)
rElec   .          Harm     .   v - scarf {+Inv}
rCorr   .          Rampage  .   (no gloves)
Will    +....                   d - +1 pair of boots
Stlth   ++........              (no amulet)
HPRegen 0.24/turn               k - ring of wizardry
MPRegen 0.19/turn               z - ring of positive energy

@: no status effects
A: high MP 1, forlorn, divine attributes
a: Evoke Invisibility


You were on level 1 of the Lair of Beasts.
You visited 3 branches of the dungeon, and saw 13 of its levels.
You also visited: Bailey.

You collected 678 gold pieces.

Inventory:

Hand Weapons
 b - a +0 mace
 c - a +1 dagger
 A - a +5 dagger
Missiles
 j - 34 poisoned darts
Armour
 a - a +0 robe
 d - a +1 pair of boots (worn)
 n - a +2 robe of fire resistance
 s - an orb of light
 v - a scarf of invisibility (worn)
 B - the +1 leather armour of the Mantidfly (worn) {rN+ Str+6}
   (You took it off a vampire on level 9 of the Dungeon)

   Str:       It affects your strength (+6).
   rN:        It protects you from negative energy.
Jewellery
 k - a ring of wizardry (left hand)
 z - a ring of positive energy (right hand)
Wands
 g - a wand of iceblast (5)
 r - a wand of flame (31)
 x - a wand of digging (6)
 y - a wand of acid (2)
Scrolls
 i - 2 scrolls of teleportation
 o - a scroll of fear
 p - 3 scrolls of amnesia
 q - a scroll of enchant weapon
 u - a scroll of summoning
 H - a scroll of blinking
 I - a scroll of magic mapping
Potions
 e - 4 potions of curing
 f - 5 potions of might
 h - a potion of berserk rage {unknown}
 l - 7 potions of brilliance
 m - 7 potions of heal wounds
 t - a potion of invisibility
 w - a potion of attraction
 C - 2 potions of haste {unknown}
 D - 2 potions of resistance {unknown}
 E - a potion of magic
 F - a potion of degeneration {unknown}
 G - a potion of flight {unknown}


   Skills:
 + Level 4.9 Fighting
 + Level 3.7 Armour
 + Level 4.9 Dodging
 - Level 1.7 Stealth
 + Level 7.5 Unarmed Combat
 + Level 7.1 Spellcasting
 - Level 3.0 Conjurations
 - Level 6.0 Translocations
 + Level 9.9 Air Magic


You had 9 spell levels left.
You knew the following spells:

 Your Spells              Type           Power      Damage    Failure   Level
a - Shock                 Conj/Air       100%       1d9       1%          1
b - Static Discharge      Conj/Air       41%        N/A       1%          2
c - Swiftness             Air            55%        N/A       1%          3
d - Airstrike             Air            27%        N/A       1%          4
e - Blink                 Tloc           76%        N/A       1%          2
f - Mephitic Cloud        Conj/Pois/Air  30%        N/A       1%          3

Your spell library contained the following spells:

 Spells                   Type           Power      Damage    Failure   Level
 Magic Dart               Conj           92%        1d7       1%          1
 Lesser Beckoning         Tloc           38%        N/A       1%          3
 Call Imp                 Summ           8%         N/A       4%          2
 Ensorcelled Hibernation  Hex/Ice        16%        N/A       4%          2
 Summon Lightning Spire   Summ/Air       33%        N/A       4%          4
 Lightning Bolt           Conj/Air       20%        1d35      6%          5
 Manifold Assault         Tloc           38%        N/A       8%          5
 Spider Form              Tmut/Pois      8%         N/A       9%          3
 Anguish                  Hex/Necr       4%         N/A       28%         4
 Petrify                  Tmut/Erth      8%         N/A       28%         4
 Metabolic Englaciation   Hex/Ice        4%         N/A       61%         5
 Statue Form              Tmut/Erth      5%         N/A       98%         6


Dungeon Overview and Level Annotations

Branches:
Dungeon (10/15)            Temple (1/1) D:7            Lair (2/6) D:9
 Bailey (visited)
  Swamp: Lair:2-4    Shoals: Lair:2-4     Snake: Lair:2-4    Spider: Lair:2-4
    Orc: D:9-12

Annotations:
D:9 1 runed translucent door, Anonymone's ghost, novice DsVM


Innate Abilities, Weirdness & Mutations

You have an increased reservoir of magic. (+10% MP)
You shall have no god before yourself.
Your divine heritage dramatically boosts your attributes as you level up.


Message History

The wolf bites you.
* * * LOW HITPOINT WARNING * * *
Unknown command.
You miss the wolf.
The wolf is severely wounded.
The wolf bites you but does no damage. The wolf bites you.
* * * LOW HITPOINT WARNING * * *
The wolf closely misses you.
Unknown command.
You hit the wolf.
The wolf is almost dead.
The wolf misses you. The wolf bites you!
* * * LOW HITPOINT WARNING * * *
The wolf closely misses you.
Unknown command.
You closely miss the wolf.
The wolf is almost dead.
The wolf bites you.
* * * LOW HITPOINT WARNING * * *
The wolf bites you but does no damage.
Unknown command.
You hit the wolf.
You kill the wolf!
The wolf misses you. The wolf bites you.
* * * LOW HITPOINT WARNING * * *
Unknown command.
Aiming: Airstrike (mildly dangerous; 1% risk of failure)
Press: ? - help, Q - select action, (/) - cycle Dir - move target, f - wolf
Aim: a wolf (empty space bonus: 7/8)
The air twists around and strikes the wolf!
The wolf is severely wounded.
The wolf bites you but does no damage. The wolf closely misses you.
The wolf bites you but does no damage. The wolf bites you.
* * * LOW HITPOINT WARNING * * *
The wolf closely misses you. The wolf barely misses you. The wolf bites you.
* * * LOW HITPOINT WARNING * * *
The wolf bites you.
You die...

#...## #...# #...# #....# #.
....# #...# #...# ##...## #.
#...## #...# #...###....# #.
#....# #...# #..........## #.
.....####...# #...........# #.
............# #..........## #.
............# #...####...# ##.
............# #...# #...# #..
#...........###.@.# #...# ##.
#............##..h## #...# #P.
#...........###....# #...## ##[
...................# #...P######.
#................>.# #...........
#.....รท..........>##
#........... ............###....#
#........... #...........# #...P#
#...........
#...........###....###..........(


You could see a wolf.

Vanquished Creatures
  Erolcha (D:9)
  2 hydras
  Erica (Lair:2)
  A manticore (D:6)
  5 cane toads
  2 rime drakes (Lair:1)
  2 komodo dragons (Lair:1)
  A hornet (D:9)
  Prince Ribbit (D:7)
  A blink frog (Lair:2)
  A vampire (D:9)
  2 basilisks
  13 yaks
  An acid dragon (D:9)
  7 water moccasins
  A hornet zombie (D:6)
  4 orc warriors
  3 ice beasts
  2 black bears (D:5)
  4 sky beasts
  A necrophage (D:4)
  8 wolves
  3 ogres
  5 centaurs
  4 kobold brigands
  4 bullfrogs
  2 wyvern zombies
  A scorpion (D:4)
  A water moccasin zombie (D:6)
  3 wights (D:9)
  An electric eel (D:8)
  2 centaur zombies
  2 gnoll shamans
  2 hounds
  5 jellies
  3 orc priests
  2 bullfrog skeletons
  2 iguanas
  10 orc wizards
  2 hound skeletons (D:4)
  A howler monkey zombie (D:7)
  22 gnolls
  8 adders
  A shadow imp (D:7)
  A white imp (D:8)
  5 dart slugs
  52 orcs
  6 bats
  10 endoplasms
  3 giant cockroaches
  5 goblins
  7 hobgoblins
  3 jackals (D:1)
  8 quokkas
  7 ball pythons
  4 frilled lizards
  22 kobolds
  5 rats
288 creatures vanquished.

Vanquished Creatures (collateral kills)
  A giant cockroach (D:3)
1 creature vanquished.

Vanquished Creatures (others)
  8 fungi
  6 plants
14 creatures vanquished.

Grand Total: 303 creatures vanquished

Notes
Turn   | Place    | Note
-------+----------+-------------------------------------------
     0 | D:1      | pkoi the Demigod Air Elementalist began the quest for the
                  | Orb.
     0 | D:1      | Reached XP level 1. HP: 14/14 MP: 5/5
   133 | D:1      | Reached skill level 3 in Air Magic
   133 | D:1      | Reached XP level 2. HP: 11/20 MP: 0/7
   850 | D:1      | Reached XP level 3. HP: 10/26 MP: 0/8
  1208 | D:1      | Reached skill level 4 in Air Magic
  2316 | D:2      | Learned a level 2 spell: Static Discharge
  2872 | D:2      | Reached XP level 4. HP: 33/33 MP: 4/9
  3119 | D:3      | Reached skill level 1 in Unarmed Combat
  3155 | D:3      | Learned a level 3 spell: Swiftness
  3421 | D:3      | Reached skill level 1 in Conjurations
  3423 | D:3      | Reached XP level 5. HP: 36/39 MP: 2/10
  4146 | D:4      | Noticed a necrophage
  4153 | D:4      | Killed a necrophage
  4154 | D:4      | Reached skill level 1 in Fighting
  4154 | D:4      | Reached skill level 5 in Air Magic
  4675 | D:4      | Reached XP level 6. HP: 47/47 MP: 9/12
  5282 | D:4      | Learned a level 4 spell: Airstrike
  6322 | D:5      | Entered Level 5 of the Dungeon
  6412 | D:5      | Reached XP level 7. HP: 46/55 MP: 4/14
  6451 | D:5      | Reached skill level 6 in Air Magic
  7837 | D:5      | Learned a level 2 spell: Blink
  8103 | D:5      | Reached XP level 8. HP: 62/62 MP: 7/16
  8433 | D:6      | Reached skill level 1 in Translocations
  8644 | D:6      | Reached skill level 7 in Air Magic
  9353 | D:6      | Noticed a manticore
  9360 | D:6      | Killed a manticore
  9835 | D:6      | Reached XP level 9. HP: 71/71 MP: 1/19
 10934 | D:7      | Reached skill level 8 in Air Magic
 11227 | D:7      | Found a staircase to the Ecumenical Temple.
 11235 | D:7      | Noticed Prince Ribbit
 11532 | D:7      | Reached skill level 5 in Unarmed Combat
 11878 | D:7      | Reached skill level 5 in Spellcasting
 13964 | D:8      | Reached XP level 10. HP: 70/78 MP: 3/22
 14010 | Temple   | Entered the Ecumenical Temple
 14411 | D:7      | Killed Prince Ribbit
 15436 | D:9      | Reached skill level 5 in Translocations
 16211 | D:9      | Reached skill level 9 in Air Magic
 16725 | D:9      | Found a staircase to the Lair.
 16933 | D:9      | Identified the +1 leather armour of the Mantidfly {rN+
                  | Str+6}
 17144 | D:9      | Noticed a torpor snail
 17145 | D:9      | Noticed an eye of devastation
 17255 | D:9      | Noticed Erolcha
 17260 | D:9      | Killed Erolcha
 17261 | D:9      | Reached skill level 1 in Armour
 17375 | D:9      | Found a runed translucent door.
 17383 | D:9      | Noticed Anonymone's ghost (novice DsVM)
 17383 | D:9      | Noticed a +0 war axe of chaos
 17743 | D:10     | Entered Level 10 of the Dungeon
 17756 | D:10     | Found a flagged portal.
 17802 | D:10     | Learned a level 3 spell: Mephitic Cloud
 17807 | Bailey   | Entered a bailey
 19121 | Lair:1   | Entered Level 1 of the Lair of Beasts
 19386 | Lair:1   | Noticed a six-headed hydra
 19394 | Lair:1   | Killed a six-headed hydra
 19989 | D:9      | Reached XP level 11. HP: 75/84 MP: 2/24
 21771 | Lair:2   | Noticed Erica
 21845 | Lair:2   | Killed Erica
 22894 | Lair:2   | Noticed a four-headed hydra
 22909 | Lair:2   | Killed a four-headed hydra
 23121 | Lair:1   | HP: 4/85 [wolf (6)]
 23121 | Lair:1   | Slain by a wolf

Illustrated notes

Levels and vault maps discovered:
D:1:      dpeg_arrival_shelter, layout_basic
D:2:      minmay_chambers_of_ones, layout_basic, shapermc_ecumenical_altar_gd
D:3:      layout_loops_ring
D:4:      layout_loops_ring, minmay_misc_feat_chi, st_stairs_5,
          chequers_decorated_corner
D:5:      layout_loops_corners, mainiacjoe_overflow_alcove_2
D:6:      layout_rooms, mainiacjoe_overflow_tiny_flanked,
          amcnicky_mini_corridor_feature
D:7:      layout_rooms, temple_fountains, hangedman_feature_mirror,
          uniq_prince_ribbit1
D:8:      layout_layer_cave, special_room [special_room_orc], fountainhead,
          grunt_decor_mini_mirrors, chequers_hall_statues_corner_a
D:9:      layout_irregular_city, mainiacjoe_overflow_catwalk, xom_shifter_show,
          lair_entry_dummy, ebering_ghost_xom, billiards_dpeg, uniq_erolcha
D:10:     minmay_cut_squares, layout_basic, nicolae_overflow_hidden_temple,
          enter_bailey_8
Temple:   nicolae_temple_elliptical
Lair:1:   layout_long_grid
Lair:2:   layout_gridlike, grunt_megastairs_1, uniq_erica

Skill      XL: |  1  2  3  4  5  6  7  8  9 10 11 |
---------------+----------------------------------+-----
Air Magic      | 3 4 5 6 7 8 9 |  9.9
Unarmed Combat | 1 2 3 4 5 6 7 |  7.5
Conjurations   | 1 2 3 |  3.0
Spellcasting   | 2 3 4 5 6 7 |  7.1
Fighting       | 1 2 4 |  4.9
Translocations | 2 4 5 6 |  6.0
Dodging        | 3 4 |  4.9
Armour         | 2 3 |  3.7
Stealth        | |  1.7

Action                   |  1- 3 |  4- 6 |  7- 9 | 10-12 || total
-------------------------+-------+-------+-------+-------++-------
Melee: Unarmed           |     4 |       |    92 |    36 ||   132
       Dagger            |    27 |    62 |       |       ||    89
       Punch             |       |     1 |     4 |     3 ||     8
Throw: Dart              |       |       |     6 |       ||     6
 Cast: Shock             |    98 |    93 |     2 |     2 ||   195
       Airstrike         |       |    19 |   126 |   211 ||   356
       Static Discharge  |       |     2 |    14 |     1 ||    17
Evoke: Wand              |       |       |       |     3 ||     3
  Use: Scroll            |       |     6 |     9 |     4 ||    19
Armor: Robe              |    10 |    23 |    24 |     4 ||    61
       Leather armour    |       |       |       |    30 ||    30
Dodge: Dodged            |    33 |    46 |    91 |    85 ||   255
